 Dungeon Crawl Stone Soup version 0.20.1-1-g8b1a95d (webtiles) character file.

9824 letownia2 the Reanimator (level 11, 81/100 HPs)
             Began as a Deep Dwarf Necromancer on Dec 18, 2017.
             Was an Initiate of Gozag.
             Quit the game on level 10 of the Dungeon.
             The game lasted 00:37:14 (10966 turns).

letownia2 the Reanimator (Deep Dwarf Necromancer)  Turns: 10966, Time: 00:37:16

Health: 81/100     AC: 16    Str: 14    XL:     11   Next: 28%
Magic:  17/30      EV: 11    Int: 17    God:    Gozag
Gold:   343        SH:  6    Dex: 13    Spells: 15/24 levels left

rFire    . . .     SeeInvis .   a - +1 quarterstaff (speed)
rCold    . . .     Gourm    .   (shield currently unavailable)
rNeg     . . .     Faith    .   u - +3 ring mail
rPois    .         Spirit   .   n - +1 helmet
rElec    .         Reflect  +   B - +0 cloak
rCorr    .         Harm     .   t - +2 pair of gloves
MR       ++...                  q - +0 pair of boots
Stlth    +.........             W - +6 amulet of reflection
Regen    0.0/turn               O - ring of protection from magic
MPRegen  0.3/turn               K - ring of magical power

@: gold aura, non-regenerating, drained
A: damage resistance, heal wounds, sense surroundings 2, no regeneration
a: Heal Wounds, Potion Petition, Call Merchant, Bribe Branch, Renounce Religion


You were on level 10 of the Dungeon.
You worshipped Gozag.
Gozag was aware of your devotion.
You were not hungry.

You visited 1 branch of the dungeon, and saw 11 of its levels.
You also visited: Ossuary.

You collected 1856 gold pieces.
You spent 54 gold pieces at shops.
You paid 1459 gold pieces to Gozag.

Inventory:

Hand Weapons
 a - a +1 quarterstaff of speed (weapon)
 h - a cursed +3 morningstar of freezing
 l - a +2 falchion of slicing
 o - a +0 scimitar of holy wrath
 w - a +5 dagger of venom
 y - a +0 war axe
Missiles
 g - 61 bolts
 V - 2 javelins of penetration (quivered)
Armour
 n - a +1 helmet (worn)
 q - a +0 pair of boots (worn)
 t - a +2 pair of gloves (worn)
 u - a +3 ring mail (worn)
 x - +0 storm dragon scales
 B - a +0 cloak (worn)
 D - a +2 leather armour of cold resistance
Magical Staves
 b - an uncursed staff of energy
Jewellery
 K - a ring of magical power (right hand)
 O - a ring of protection from magic (left hand)
 W - a +6 amulet of reflection (around neck)
Wands
 F - a wand of polymorph (0/24)
Scrolls
 e - a scroll of fog
 i - 4 scrolls of identify
 j - 2 scrolls of blinking
 m - 5 scrolls of teleportation
 s - 10 scrolls of remove curse
 C - a scroll of enchant weapon
 J - a scroll of immolation
 M - a scroll of recharging
 N - a scroll of fear
 Q - 2 scrolls of amnesia
 T - a scroll of summoning
Potions
 d - 2 potions of agility
 f - a potion of brilliance
 p - 5 potions of curing {unknown}
 v - a potion of magic
 z - 3 potions of haste
 A - 5 potions of mutation {unknown}
 E - a potion of invisibility
 H - 2 potions of flight
 I - a potion of cancellation
 L - 5 potions of heal wounds
 P - a potion of ambrosia
 R - 2 potions of resistance
 S - 2 potions of berserk rage
Miscellaneous
 r - a box of beasts
Comestibles
 c - 14 bread rations
 G - 10 royal jellies


   Skills:
 - Level 7.6(7.2) Fighting
 - Level 4.0(3.6) Armour
 - Level 2.1(1.8) Dodging
 - Level 2.4(2.1) Stealth
 + Level 7.1(6.8) Spellcasting
 - Level 3.0(2.7) Conjurations
 + Level 12.5(12.1) Necromancy
 - Level 3.2(2.9) Air Magic
 - Level 2.1(1.8) Poison Magic


You had 15 spell levels left.
You knew the following spells:

 Your Spells              Type           Power        Failure   Level  Hunger
a - Pain                  Necr           ####         1%          1    None
e - Mephitic Cloud        Conj/Pois/Air  ##......     26%         3    ##.....
p - Poisonous Vapours     Pois/Air       ##....       13%         2    None
v - Vampiric Draining     Necr           #####.....   1%          3    ##.....


Dungeon Overview and Level Annotations

Branches:
Dungeon (11/15)            Temple (0/1) D:6
   Lair: D:8-11         Orc: D:9-12

Altars:
Gozag
Kikubaaqudgha
Xom

Shops:
D:7 !   D:8 =   D:9 [   D:10 *}(**

Annotations:
D:2 DIG
D:3 letownia2's ghost, weakling DDNe
D:7 letownia2's ghost, novice DDNe


Innate Abilities, Weirdness & Mutations

You are resistant to damage.
You can heal yourself by infusing magical energy.
You passively map the area around you.
You do not regenerate.


Message History

Fund which merchant?
You no longer have enough gold to fund merchants seeking to open stores in the dungeon.
Musural invites you to visit its Assorted Antiques.
Unknown command.
Your hands tingle!
a - a +1 quarterstaff of speed (weapon)
Okay, then.
Okay, then.
Wear which item? (? for menu, Esc to quit)
Okay, then.
Put on which piece of jewellery? (? for menu, Esc to quit)
Okay, then.
Okay, then.
As you read the scroll labeled NAHIUDABYS, it crumbles to dust.
The air around you briefly surges with heat, but it dissipates.
It was a scroll of immolation.
Okay, then.
Put on which piece of jewellery? (? for menu, Esc to quit)
Okay, then.
Are you sure you want to abandon this character and quit the game? (Confirm with "yes".)

############
#..........#
#..........#
#########
##########..........#
#.......#
...........∩...>....#
#.#####.#
.##.######..........#
#.# #.#
.##.######......@...#
#.# #.#
.........'..........#
#.# #.#
[##.######..........#
#.# #.#
...<######..........#
#.#####.#
.####...............#
#.#.....#
...<'.......#########
#.....###
.[#.#.)...### ###.#.#
..#.......#######
#.#.#
..###)..........#
#.#.#


There were no monsters in sight!

Vanquished Creatures
  A two-headed ogre (D:9)
  2 wizards (D:9)
  An orc sorcerer (D:9)
  Maurice (D:9)
  A kobold demonologist (D:11)
  A troll (D:10)
  4 hippogriffs
  A shadow (D:11)
  5 humans (D:10)
  Grum (D:10)
  2 water moccasins
  An ice beast (D:5)
  A black bear (D:8)
  4 sky beasts
  A hornet zombie (D:10)
  A phantom (D:6)
  2 necrophages
  An orc warrior (D:9)
  3 ogres
  4 wolves (D:10)
  4 centaurs
  2 elf zombies (Ossuary)
  2 big kobolds
  9 bullfrogs
  4 scorpions
  7 killer bees
  8 wights
  A howler monkey (D:5)
  3 crimson imps
  A bullfrog zombie (D:10)
  3 hounds
  A human zombie (Ossuary)
  8 jellies
  3 orc priests
  A bullfrog skeleton (D:8)
  Terence (D:2)
  4 iguanas
  7 orc wizards
  9 worker ants
  2 killer bee zombies
  2 hound skeletons
  4 mummies (Ossuary)
  3 gnolls
  5 adders
  3 shadow imps
  6 oozes
  3 adder skeletons
  2 adder zombies
  3 worms (D:3)
  A dart slug (D:4)
  7 leopard geckos
  20 orcs
  2 ball pythons
  8 bats
  5 giant cockroaches
  2 gnoll zombies (Ossuary)
  6 goblins
  2 hobgoblins (D:1)
  4 jackals
  10 kobolds
  5 quokkas
  2 frilled lizards
  2 jackal zombies (Ossuary)
  A kobold zombie (Ossuary)
  A leopard gecko skeleton (D:8)
  2 orc zombies (Ossuary)
  6 rats
  A rat zombie (Ossuary)
236 creatures vanquished.

Vanquished Creatures (others)
  A hungry ghost (D:10)
  A hound (D:7)
  An orc (D:9)
3 creatures vanquished.

Grand Total: 239 creatures vanquished

Notes
Turn   | Place    | Note
-------+----------+-------------------------------------------
     0 | D:1      | letownia2 the Deep Dwarf Necromancer began the quest for the Orb.
     0 | D:1      | Reached XP level 1. HP: 15/15 MP: 3/3
   229 | D:3      | Reached XP level 2. HP: 22/22 MP: 1/5
   436 | D:3      | Reached skill level 5 in Necromancy
   509 | D:3      | Noticed letownia2's ghost (weakling DDNe)
   801 | D:4      | Reached XP level 3. HP: 20/28 MP: 4/6
   806 | D:4      | Learned a level 3 spell: Vampiric Draining
  1374 | D:4      | Reached skill level 6 in Necromancy
  1374 | D:4      | Reached XP level 4. HP: 31/36 MP: 1/7
  2000 | D:4      | Reached skill level 1 in Fighting
  2000 | D:4      | Reached XP level 5. HP: 34/44 MP: 1/8
  2416 | D:5      | Entered Level 5 of the Dungeon
  2458 | D:5      | Noticed a centaur
  2464 | D:5      | Killed a centaur
  2551 | D:5      | Reached skill level 7 in Necromancy
  2551 | D:5      | Reached XP level 6. HP: 38/52 MP: 3/10
  2610 | D:5      | Noticed an ice beast
  2623 | D:5      | Killed an ice beast
  2732 | D:5      | Noticed a sky beast
  2739 | D:5      | Killed a sky beast
  2906 | D:5      | Reached XP level 7. HP: 27/61 MP: 2/12
  3066 | D:5      | Reached skill level 8 in Necromancy
  4288 | D:6      | Reached skill level 1 in Armour
  4288 | D:6      | Reached XP level 8. HP: 56/68 MP: 0/15
  4289 | D:6      | Found an opulent altar of Gozag.
  4294 | D:6      | Became a worshipper of Gozag Ym Sagoz the Greedy
  5485 | D:2      | Noticed Terence
  5489 | D:2      | Killed Terence
  6623 | D:6      | Found a staircase to the Ecumenical Temple.
  6678 | D:6      | Reached skill level 9 in Necromancy
  6761 | D:7      | Reached skill level 5 in Spellcasting
  6769 | D:7      | Found Bilashri's Distillery.
  6795 | D:7      | Noticed letownia2's ghost (novice DDNe)
  6803 | D:7      | Found a sand-covered staircase.
  6812 | Ossuary  | Entered an ossuary
  7137 | D:7      | Reached skill level 5 in Fighting
  7357 | D:8      | Noticed a two-headed ogre
  7428 | D:8      | Gained mutation: You passively map the area around you. [Deep Dwarf growth]
  7428 | D:8      | Reached XP level 9. HP: 71/82 MP: 16/16
  8210 | D:9      | Noticed a two-headed ogre
  8321 | D:9      | Noticed an orc sorcerer
  8323 | D:9      | Noticed a wizard
  8326 | D:9      | Noticed a wizard
  8422 | D:9      | Learned a level 3 spell: Mephitic Cloud
  8425 | D:9      | Learned a level 2 spell: Poisonous Vapours
  8443 | D:9      | Noticed Maurice
  8494 | D:9      | Found an ancient bone altar of Kikubaaqudgha.
  8542 | D:9      | Killed a wizard
  8542 | D:9      | Reached skill level 1 in Conjurations
  8542 | D:9      | Reached skill level 10 in Necromancy
  8542 | D:9      | Reached skill level 1 in Air Magic
  8542 | D:9      | Reached skill level 1 in Poison Magic
  8548 | D:9      | Noticed an orange demon
  8552 | D:9      | Killed an orc sorcerer
  8552 | D:9      | Reached XP level 10. HP: 83/94 MP: 0/17
  8654 | D:9      | Killed a two-headed ogre
  8685 | D:9      | Found Zecreuv's Armour Emporium.
  8731 | D:9      | Killed Maurice
  9066 | D:9      | Killed a wizard
  9066 | D:9      | Reached skill level 11 in Necromancy
  9444 | D:10     | Entered Level 10 of the Dungeon
  9464 | D:10     | Found Jakk's Weapon Shop.
  9749 | D:10     | Found Nenoox's Assorted Antiques.
  9756 | D:10     | Bought a scroll labeled VIRPHE FOEDOUTU for 27 gold pieces
  9756 | D:10     | Bought a scroll labeled CERIUME BIBBORO for 27 gold pieces
  9760 | D:10     | Found Nigaah's Gadget Boutique.
  9979 | D:10     | Found Extot's General Store.
  9983 | D:10     | Reached XP level 11. HP: 60/100 MP: 17/20
 10041 | D:10     | Reached skill level 12 in Necromancy
 10161 | D:10     | Noticed Grum
 10174 | D:10     | Killed Grum
 10802 | D:11     | Found a shimmering altar of Xom.
 10803 | D:11     | Noticed a death yak
 10803 | D:11     | Noticed a death yak
 10966 | D:10     | Quit the game

Skill      XL: |  1  2  3  4  5  6  7  8  9 10 11 |
---------------+----------------------------------+-----
Spellcasting   | 2 3 4 5 6 7 |  7.1
Necromancy     | 5 6 7 8 9 10 11 12 | 12.5
Fighting       | 1 2 5 7 |  7.6
Armour         | 1 3 4 |  4.0
Conjurations   | 1 3 |  3.0
Air Magic      | 1 3 |  3.2
Poison Magic   | 1 2 |  2.1
Dodging        | |  2.1
Stealth        | |  2.4

Action                   |  1- 3 |  4- 6 |  7- 9 | 10-12 || total
-------------------------+-------+-------+-------+-------++-------
Melee: Dagger            |    16 |    14 |    44 |       ||    74
       Quarterstaff      |       |       |   365 |   287 ||   652
       Staff             |       |       |     9 |     7 ||    16
Throw: Javelin           |       |       |       |     9 ||     9
 Cast: Pain              |    40 |    39 |   103 |    26 ||   208
       Vampiric Draining |     9 |    11 |    58 |    81 ||   159
       Poisonous Vapours |       |       |     4 |    22 ||    26
       Mephitic Cloud    |       |       |       |     3 ||     3
Invok: Call Merchant     |       |       |     1 |     1 ||     2
Evoke: Wand              |       |       |     3 |     9 ||    12
       Box of beasts     |       |       |       |     1 ||     1
  Use: Scroll            |       |       |    20 |     5 ||    25
       Potion            |       |       |     2 |       ||     2
 Stab: Sleeping          |       |       |     1 |       ||     1
       Confused          |       |       |       |     1 ||     1
  Eat: Chunk             |     3 |     6 |     7 |       ||    16
       Fruit             |       |       |     3 |     1 ||     4
       Royal jelly       |       |       |     4 |       ||     4
       Meat ration       |       |       |     2 |     3 ||     5
Armor: Robe              |     8 |       |       |       ||     8
       Ring mail         |     8 |    11 |   326 |   164 ||   509
Dodge: Dodged            |    37 |    22 |   368 |   167 ||   594
Block: Other             |       |       |       |    69 ||    69
       Reflection        |       |       |       |     1 ||     1
